cohdb
Replays
Latest Replays
All Replays
Popular Replays
Top Player Replays
Match Explorer
How It Works
Community
CoH3 Stats
Reddit
Sign in to upload your games and track your stats! →
Sign in with Steam
Match 39559968
Unlisted
Match 39559968
Overview
Messages
Build Orders
End
Construct Barracks
Scout Squad
Riflemen Squad
Selects Heavy Weapons
Construct Weapon Support Center
Riflemen Squad
Bazooka Squad
Selects Assault Carriers
Infantry Support Center
Construct Medical Station
M1919 Machine Gun Team
M3 Assault Carrier
Selects M2HB .50cal Heavy Machine Gun
Grenade Package
M1918 Browning Automatic Rifles
Riflemen Squad
M3 Assault Carrier
Engineer Squad
Bazooka Squad
Construct Motor Pool
Selects Halftrack Strongpoints
Selects M26 Pershing Heavy Tank
M26 Pershing Heavy Tank
Engineer Squad
Selects Rapid Reposition
Riflemen Squad
PayPerPaper
stormbangbang
0
0
Comments
sign in to comment!
No comments posted yet!